 Dungeon Crawl Stone Soup version 0.13.0-18-g7b03ea5 (webtiles) character file.

83 Jaijje the Ruinous (level 3, -2/21 HPs)
             Began as a High Elf Conjurer on Oct 23, 2013.
             Slain by a gnoll
             ... wielding a +0,+0 club
              (9 damage)
             ... on Level 1 of the Dungeon.
             The game lasted 00:05:11 (1257 turns).

Jaijje the Ruinous (High Elf Conjurer)              Turns: 1257, Time: 00:05:12

HP  -2/21        AC  2     Str  7      XL: 3   Next: 16%
MP   0/8         EV 13     Int 19      God:
Gold 48          SH  0     Dex 16      Spells:  1 memorised,  6 levels left

Res.Fire  : . . .   See Invis. : .   (no weapon)
Res.Cold  : . . .   Warding    : .   a - +0 elf robe
Life Prot.: . . .   Conserve   : .   (no shield)
Res.Poison: .       Res.Corr.  : .   (no helmet)
Res.Elec. : .       Clarity    : .   (no cloak)
Sust.Abil.: . .     Spirit.Shd : .   (no gloves)
Res.Mut.  : .       Stasis     : .   (no boots)
Res.Rott. : .       Flight     : .   (no amulet)
Saprovore : . . .                    (no ring)
                                     (no ring)

@: very slightly contaminated, slightly resistant to hostile enchantments,
fairly stealthy
A: no striking features
a: no special abilities


You were on level 1 of the Dungeon.
You were near starving.

You visited 1 branch of the dungeon, and saw 2 of its levels.

You collected 28 gold pieces.

Inventory:

Hand weapons
 e - a cursed -3,-2 short sword
Missiles
 g - 12 darts (quivered)
Armour
 a - a +0 elven robe (worn)
Comestibles
 b - a bread ration
 i - an apricot
 o - a banana
Scrolls
 f - a scroll of remove curse {unknown}
 j - 2 scrolls of identify {unknown}
 k - a scroll of noise {unknown}
 m - a scroll of recharging {unknown}
 q - a scroll of enchant armour {unknown}
Jewellery
 p - an uncursed ring of flight {unknown}
Potions
 d - 3 potions of agility {unknown}
 h - a potion of resistance {unknown}
 l - 2 potions of magic {unknown}
 n - 2 potions of curing {unknown}
Books
 c - a book of Conjurations

   Spells                             Type                      Level
   *Magic Dart                        Conjuration                  1
   Searing Ray                        Conjuration                  2
   Dazzling Spray                     Conjuration/Hexes            3
   Iskenderun's Mystic Blast          Conjuration                  4
   Iskenderun's Battlesphere          Conjuration/Charms           4
   Fulminant Prism                    Conjuration/Hexes            5


   Skills:
 - Level 2.1 Dodging
 - Level 2.1 Stealth
 + Level 2.5 Spellcasting
 + Level 5.0 Conjurations


You had 6 spell levels left.
You knew the following spells:

 Your Spells              Type           Power        Failure   Level  Hunger
a - Magic Dart            Conj           ###.         1%          1    #......


Dungeon Overview and Level Annotations

Branches:
Dungeon (2/27)

Altars:


Message History

The gnoll is almost dead.
The gnoll barely misses you.
Throwing (i - inventory):
g - 16 darts (quivered)
Press: ? - help, Shift-Dir - straight line, f/p - gnoll
Aim: a gnoll, wielding a club (almost dead)
You throw a dart. The dart misses the gnoll.
The gnoll hits you with a club.
Throwing (i - inventory):
g - 15 darts (quivered)
Press: ? - help, Shift-Dir - straight line, f/p - gnoll
Aim: a gnoll, wielding a club (severely wounded)
You throw a dart. The dart misses the gnoll.
The gnoll closely misses you.
Throwing (i - inventory):
g - 14 darts (quivered)
Press: ? - help, Shift-Dir - straight line, f/p - gnoll
Aim: a gnoll, wielding a club (severely wounded)
You throw a dart. The dart hits the gnoll.
The gnoll is almost dead.
Throwing (i - inventory):
g - 13 darts (quivered)
Press: ? - help, Shift-Dir - straight line, f/p - gnoll
Aim: a gnoll, wielding a club (almost dead)
You throw a dart. The dart misses the gnoll.
The gnoll hits you with a club!
You die...

....##.##..####.## #.#.#.####.#
................(# #.#.#......#
....##.##..####..###.#.#..#####
....##...............#.#..#
.#######...####..#####.#..# .#
#.....# #........#..#
.#####+#...#####.#######..#######
.#.........+....g...............#
.#.........#####@....#.#..#####.#
#.......##.#......####.#..#......
#...##.###.#......##...#..#......
...........#......##.#.#(.#####.#
######.#########'###.###.........
.....................#...######.#
######.#########.#.....##.#####..
.......#########.................
..........%....#......###.#######


You could see a gnoll.

Vanquished Creatures
  A gnoll (D:2)
  4 bats (D:1)
  A giant cockroach (D:1)
  3 hobgoblins (D:1)
  2 jackals (D:1)
  A giant newt (D:1)
  4 goblins (D:1)
  7 kobolds
23 creatures vanquished.

Notes
Turn   | Place    | Note
--------------------------------------------------------------
     0 | D:1      | Jaijje, the High Elf Conjurer, began the quest for the Orb.
     0 | D:1      | Reached XP level 1. HP: 11/11 MP: 4/4
   400 | D:1      | Reached XP level 2. HP: 17/17 MP: 3/5
  1225 | D:2      | Reached skill level 5 in Conjurations
  1225 | D:2      | Reached XP level 3. HP: 21/21 MP: 2/8
  1257 | D:1      | Slain by a gnoll

Action                   || total
-------------------------++-------
Melee: Unarmed           ||     2
Throw: Dart              ||     8
 Cast: Magic Dart        ||    46
